 Dungeon Crawl Stone Soup version 0.17.0-24-gcfadda4 (webtiles) character file.

130 Kidiri the Conjurer (level 4, 0/34 HPs)
             Began as a Draconian Conjurer on Nov 17, 2015.
             Succumbed to poison (a potion of poison)
             ... on level 3 of the Dungeon.
             The game lasted 00:11:34 (3097 turns).

Kidiri the Conjurer (Draconian Conjurer)            Turns: 3097, Time: 00:11:35

Health: 0/34       AC:  5    Str: 10    XL:     4   Next: 90%
Magic:  3/8        EV: 12    Int: 17    God:
Gold:   132        SH:  0    Dex: 11    Spells: 3 memorised, 2 levels left

rFire  . . .     SeeInvis .     f - +2 short sword
rCold  + . .     Clarity  .     (armour unavailable)
rNeg   . . .     SustAt   .     (no shield)
rPois  .         Gourm    .     (helmet restricted)
rElec  .         Spirit   .     (no cloak)
rCorr  .         Warding  .     (no gloves)
rMut   .         Stasis   .     (no boots)
MR     .....                    (no amulet)
Stlth  ++........               (no ring)
                                e - ring of protection from cold

@: lethally poisoned (0 -> -10), very slightly contaminated, not resistant to
hostile enchantments, unstealthy
A: unfitting armour, cold-blooded, AC +5
a: no special abilities


You were on level 3 of the Dungeon.
You were not hungry.

You visited 1 branch of the dungeon, and saw 3 of its levels.

You collected 132 gold pieces.

Inventory:

Hand Weapons
 f - a +2 short sword (weapon)
Jewellery
 e - a ring of protection from cold (left hand)
Wands
 l - a wand of digging (12)
Scrolls
 j - 2 scrolls of noise
Potions
 g - a potion of cure mutation
 h - 3 potions of brilliance
Books
 a - a book of Conjurations

   Spells                             Type                      Level
   a - Magic Dart                     Conjuration                  1
   b - Searing Ray                    Conjuration                  2
   c - Dazzling Spray                 Conjuration/Hexes            3
   d - Fulminant Prism                Conjuration/Hexes            4
   e - Iskenderun's Mystic Blast      Conjuration                  4
   f - Iskenderun's Battlesphere      Conjuration/Charms           5
Comestibles
 b - 2 bread rations
 n - 3 fruits


   Skills:
 + Level 0.4 Fighting
 + Level 1.1 Short Blades
 * Level 2.8 Dodging
 + Level 2.3 Stealth
 * Level 2.7 Spellcasting
 + Level 4.4 Conjurations
 + Level 1.3 Hexes


You had 2 spell levels left.
You knew the following spells:

 Your Spells              Type           Power        Failure   Level  Hunger
a - Magic Dart            Conj           ###.         2%          1    #......
b - Searing Ray           Conj           ###...       4%          2    ##.....
c - Dazzling Spray        Conj/Hex       ##......     17%         3    ###....


Dungeon Overview and Level Annotations

Branches:
Dungeon (3/15)

Altars:
Okawaru


Innate Abilities, Weirdness & Mutations

Your plain brown scales are hard (AC +5).
Your body does not fit into most forms of armour.
You are cold-blooded and may be slowed by cold attacks.


Message History

* * * LOW HITPOINT WARNING * * *
You feel sick.
* * * LOW HITPOINT WARNING * * *
You feel sick.
* * * LOW HITPOINT WARNING * * *
You feel sick. The worker ant closely misses you.
Read which item? (? for menu, Esc to quit)
Blink to where?
Press: ? - help, Dir - move target cursor, p - worker ant You are very lightly contaminated with residual magic.
As you read the scroll of blinking, it crumbles to dust.
* * * LOW HITPOINT WARNING * * *
You feel sick.
Read which item? (? for menu, Esc to quit)
Blink to where?
Press: ? - help, Dir - move target cursor
As you read the scroll of blinking, it crumbles to dust.
* * * LOW HITPOINT WARNING * * *
You feel sick.
You die...

#.ยง.....###...####>.
###.##### ##.......[
#.# #.#####.. #.# #.#
#.. #.# ##+## ##.
###.# ##...## #.
##.#.# ##.....## #.
#.#..# ##......(###.
##..@####.........###
#...<..['.........'..
##...####.........###
##.#.## ##.......##
#.###.# ##.....##
##.#..# ##...##
##.#.# ##+## ###.#
#)# ###.#### #.#


There were no monsters in sight!

Vanquished Creatures
  5 adders
  An ooze (D:1)
  5 worms
  3 giant cockroaches
  13 hobgoblins
  13 kobolds
  6 bats
  5 giant geckos
  3 giant newts
  9 goblins
  A quokka (D:2)
  3 rats
67 creatures vanquished.

Notes
Turn   | Place    | Note
--------------------------------------------------------------
     0 | D:1      | Kidiri the Draconian Conjurer began the quest for the Orb.
     0 | D:1      | Reached XP level 1. HP: 14/14 MP: 3/3
   337 | D:1      | Reached XP level 2. HP: 18/20 MP: 0/5
   341 | D:1      | Learned a level 2 spell: Searing Ray
  1051 | D:2      | Reached XP level 3. HP: 27/27 MP: 1/6
  1059 | D:2      | Learned a level 3 spell: Dazzling Spray
  1364 | D:2      | Found a faded altar to an unknown god.
  1563 | D:2      | Reached XP level 4. HP: 34/34 MP: 2/7
  2435 | D:3      | Reached skill level 1 in Hexes
  2524 | D:3      | Reached skill level 1 in Short Blades
  2661 | D:3      | Found an iron altar of Okawaru.
  3096 | D:3      | HP: 1/34 [poison (a potion of poison)]
  3097 | D:3      | Succumbed to poison (a potion of poison)

Action                   |  1- 3 |  4- 6 || total
-------------------------+-------+-------++-------
Melee: Short sword       |    27 |     8 ||    35
       Dagger            |     2 |       ||     2
 Cast: Magic Dart        |    78 |    68 ||   146
  Use: Scroll            |     5 |     8 ||    13
       Potion            |       |     1 ||     1
 Stab: Sleeping          |     1 |     2 ||     3
  Eat: Chunk             |     3 |     3 ||     6
       Beef jerky        |       |     2 ||     2
